 Dungeon Crawl Stone Soup version 0.25-a0-670-g50981ef59b (webtiles) character file.

Game seed: 7150732514183010794, levelgen mode: deterministic

584 Error4North the Covered (level 7, -1/61 HPs)
             Began as a Hill Orc Fighter on Mar 29, 2020.
             Was an Initiate of Okawaru.
             Slain by an orc wizard
             ... wielding a +0 dagger of distortion
              (10 damage)
             ... on level 4 of the Dungeon.
             The game lasted 00:10:53 (4224 turns).

Error4North the Covered (Hill Orc Fighter)          Turns: 4224, Time: 00:10:53

Health: -1/61      AC: 10    Str: 21      XL:     7   Next: 37%
Magic:  6/6        EV:  8    Int:  3      God:    Okawaru [......]
Gold:   343        SH:  9    Dex:  5 (10) Spells: 6/6 levels left

rFire    . . .     SeeInvis .   a - +0 war axe
rCold    . . .     Gourm    .   c - +0 kite shield
rNeg     . . .     Faith    .   b - +0 scale mail
rPois    .         Spirit   .   (no helmet)
rElec    .         Reflect  .   (no cloak)
rCorr    .         Harm     .   p - +0 pair of gloves
MR       +....                  u - +0 pair of boots
Stlth    ..........             (no amulet)
HPRegen  0.20/turn              i - -5 ring of intelligence (curse)
MPRegen  0.10/turn              (no ring)

@: lethally poisoned (-1 -> -2)
A: low mp 1, magic resistance 1
a: Renounce Religion


You were on level 4 of the Dungeon.
You worshipped Okawaru.
Okawaru was noncommittal.
You were not hungry.

You visited 1 branch of the dungeon, and saw 5 of its levels.

You collected 343 gold pieces.

Inventory:

Hand Weapons
 a - a +0 war axe (weapon)
Armour
 b - a +0 scale mail (worn)
 c - a +0 kite shield (worn)
 p - a +0 pair of gloves (worn)
 u - a +0 pair of boots (worn)
Jewellery
 i - a cursed -5 ring of intelligence (left hand)
Wands
 s - a wand of paralysis (7)
Scrolls
 e - 3 scrolls of remove curse {unknown}
 j - 3 scrolls of amnesia {unknown}
 k - 2 scrolls of magic mapping {unknown}
 l - 4 scrolls of identify {unknown}
 m - 2 scrolls of teleportation {unknown}
 n - a scroll of immolation {unknown}
 r - a scroll of fog {unknown}
Potions
 d - a potion of stabbing {unknown}
 g - 2 potions of cancellation {unknown}
 o - 2 potions of curing {unknown}
 q - a potion of brilliance {unknown}
Comestibles
 f - 5 rations
 t - 3 chunks of flesh


   Skills:
 * Level 5.2 Fighting
 + Level 5.5 Axes
 * Level 5.6 Armour
 + Level 0.7 Dodging
 * Level 5.3 Shields


You had 6 spell levels left.
You didn't know any spells.
Your spell library contained the following spells:

 Spells                   Type           Power        Failure   Level  Hunger
 Confusing Touch          Hex            #.......     100%        3    ####...
 Gell's Gravitas          Tloc           #.........   100%        3    ####...
 Petrify                  Tmut/Erth      #.......     100%        4    #####..
 Metabolic Englaciation   Hex/Ice        #.........   100%        5    ######.
 Yara's Violent Unravell  Hex/Tmut       #.........   100%        5    ######.


Dungeon Overview and Level Annotations

Branches:
Dungeon (5/15)
 Temple: D:4-7

Altars:
Cheibriados
Fedhas
Gozag
Okawaru
Qazlal
Sif Muna
The Shining One

Annotations:
D:5 Menkaure


Innate Abilities, Weirdness & Mutations

Your magical capacity is low. (-10% MP)
You are resistant to hostile enchantments. (MR+)


Message History

You feel sick. The orc wizard completely misses you.
You barely miss the orc wizard.
The orc wizard is lightly wounded.
The orc wizard hits you but does no damage.
Space warps horribly around you!
* * * LOW HITPOINT WARNING * * *
You barely miss the orc wizard.
The orc wizard is lightly wounded.
The orc wizard hits you but does no damage.
You blink.
You feel sick.
It was a potion of mutation.
You feel extremely strange.
You feel less energetic.
You feel resistant to hostile enchantments.
You hit the orc wizard.
The orc wizard is heavily wounded.
The orc wizard hits you with a +0 dagger of distortion.
* * * LOW HITPOINT WARNING * * *
Space warps horribly around you!
You die...

...#......##
#............
.#.##....##
##...........# ##.#
...## #.............
##.# #.##
##............# .#.#
#..(..........# 8'.#
##............# .#.#
#......>.....## ##.#
##......)....## #.##
#....@o.....## ..#
##.........## .##
###....รท.## ##
####...## # ######
##...### ##....####
#..##..###
#........###.#####..####
##............#
###...###
#.............# ###...##


You could see an orc wizard.

Vanquished Creatures
  A wyvern zombie (D:4)
  A scorpion (D:4)
  A crimson imp (D:4)
  2 hounds (D:4)
  A quasit (D:5)
  2 orc priests
  3 orc wizards
  A worker ant (D:4)
  A hound skeleton (D:4)
  6 adders
  2 oozes
  An adder skeleton (D:3)
  2 worms (D:3)
  3 dart slugs
  4 leopard geckos
  15 orcs
  3 giant cockroaches
  6 goblins
  4 hobgoblins
  4 jackals (D:3)
  A quokka (D:3)
  8 bats
  2 goblin skeletons (D:4)
  A goblin zombie (D:4)
  2 jackal skeletons
  6 kobolds
  2 kobold zombies (D:4)
  An orc skeleton (D:4)
  An orc zombie (D:4)
  10 rats
97 creatures vanquished.

Notes
Turn   | Place    | Note
-------+----------+-------------------------------------------
     0 | D:1      | Error4North the Hill Orc Fighter began the quest for the
                  | Orb.
     0 | D:1      | Reached XP level 1. HP: 19/19 MP: 1/1
    96 | D:1      | Reached XP level 2. HP: 23/27 MP: 2/2
   149 | D:1      | You fall into a shaft and drop 1 floor!
   192 | D:2      | Found an opulent altar of Gozag.
   196 | D:2      | Reached XP level 3. HP: 25/33 MP: 3/3
   201 | D:2      | Found a stormy altar of Qazlal.
   204 | D:2      | Found a shimmering blue altar of Sif Muna.
   257 | D:2      | Found a blossoming altar of Fedhas.
   675 | D:1      | Reached XP level 4. HP: 30/41 MP: 4/4
  2172 | D:3      | Reached XP level 5. HP: 26/47 MP: 5/5
  2922 | D:4      | Reached XP level 6. HP: 22/53 MP: 6/6
  3151 | D:4      | Reached skill level 5 in Armour
  3481 | D:4      | Reached skill level 5 in Axes
  3515 | D:4      | Found a snail-covered altar of Cheibriados.
  3517 | D:4      | Reached skill level 5 in Fighting
  3542 | D:4      | Found a glowing golden altar of the Shining One.
  3545 | D:4      | Reached skill level 5 in Shields
  3576 | D:4      | Reached XP level 7. HP: 61/61 MP: 7/7
  3771 | D:5      | Entered Level 5 of the Dungeon
  3940 | D:5      | Found an iron altar of Okawaru.
  3948 | D:5      | Noticed Menkaure
  3951 | D:5      | Became a worshipper of Warmaster Okawaru
  4223 | D:4      | Gained mutation: Your magical capacity is low. (-10% MP)
                  | [potion of mutation]
  4223 | D:4      | Gained mutation: You are resistant to hostile enchantments.
                  | (MR+) [potion of mutation]
  4224 | D:4      | Slain by an orc wizard

Levels and vault maps discovered:
D:1:      giann_bridges, layout_basic
D:2:      layout_rooms, nicolae_overflow_crystal_walls,
          grunt_temple_overflow_open, fedhas_altar_1
D:3:      layout_loops_ring, nicolae_overflow_hidden_temple, first_ration
D:4:      layout_cave_pods, nicolae_tso_besieged_by_evil,
          kennysheep_slug_shrine, grunt_decor_arrowhead
D:5:      layout_cave_pods, old_standard_altar,
          gammafunk_temple_overflow_elements, serial_shops, kennysheep_mini,
          portal_sewer_entry_c, minmay_joined_circles, uniq_menkaure

Skill      XL: |  1  2  3  4  5  6 |
---------------+-------------------+-----
Fighting       | 4 5 |  5.2
Axes           | 3 4 5 |  5.5
Armour         | 4 5 |  5.6
Shields        | 4 5 |  5.3
Dodging        | |  0.7

Action                   |  1- 3 |  4- 6 |  7- 9 || total
-------------------------+-------+-------+-------++-------
Melee: War axe           |    77 |   229 |   125 ||   431
  Use: Potion            |       |     1 |     1 ||     2
  Eat: Chunk             |       |     8 |       ||     8
       Ration            |       |       |     1 ||     1
Armor: Scale mail        |    54 |   110 |   111 ||   275
Dodge: Dodged            |    29 |    65 |    51 ||   145
Block: Kite shield       |    41 |   117 |    80 ||   238

Table legend:
 A = Non-vault XP
 B = Vault XP
 C = Vault XP percentage of total XP
 D = Non-vault monster count
 E = Vault monster count
 F = Vault count percentage of total count
                 A         B        C        D         E       F
            +---------+---------+-------+---------+---------+-------
      Total |     774 |      61 |   7.3 |      88 |       9 |   9.3
            +---------+---------+-------+---------+---------+-------
        D:1 |      41 |       0 |   0.0 |      22 |       0 |   0.0
        D:2 |      66 |       0 |   0.0 |      12 |       0 |   0.0
        D:3 |     152 |       0 |   0.0 |      29 |       0 |   0.0
        D:4 |     414 |      61 |  12.8 |      16 |       9 |  36.0
        D:5 |     101 |       0 |   0.0 |       9 |       0 |   0.0
            +---------+---------+-------+---------+---------+-------
